 Dungeon Crawl Stone Soup version 0.21.1-1-g345015fe64 (webtiles) character file.

37 Lentor the Skirmisher (level 3, -1/46 HPs)
             Began as a Draconian Berserker on June 8, 2018.
             Was a Believer of Trog.
             Slain by a water moccasin (6 damage)
             ... on level 2 of the Dungeon.
             The game lasted 00:02:43 (714 turns).

Lentor the Skirmisher (Draconian Berserker)          Turns: 714, Time: 00:02:45

Health: -1/46      AC:  5    Str: 25    XL:     3   Next: 21%
Magic:  3/3        EV: 12    Int:  7    God:    Trog [**....]
Gold:   57         SH:  0    Dex: 10    Spells: 2/2 levels left

rFire    . . .     SeeInvis .   c - +2 hand axe (vamp)
rCold    . . .     Gourm    .   (no shield)
rNeg     . . .     Faith    .   (armour unavailable)
rPois    .         Spirit   .   (helmet restricted)
rElec    .         Reflect  .   (no cloak)
rCorr    .         Harm     .   (no gloves)
MR       .....                  (no boots)
Stlth    ..........             (no amulet)
HPRegen  0.15/turn              (no ring)
MPRegen  0.08/turn              (no ring)

@: berserking, lethally poisoned (-1 -> -23), very quick
A: unfitting armour, cold-blooded, AC +5
a: Berserk, Trog's Hand, Burn Spellbooks, Renounce Religion


You were on level 2 of the Dungeon.
You worshipped Trog.
Trog was pleased with you.
You were very hungry.

You visited 1 branch of the dungeon, and saw 2 of its levels.

You collected 57 gold pieces.

Inventory:

Hand Weapons
 a - a +0 falchion
 c - a +2 vampiric hand axe (weapon)
Scrolls
 b - 3 scrolls of identify {unknown}
 d - a scroll of fear {unknown}
 e - a scroll of blinking {unknown}
 f - 3 scrolls of teleportation {unknown}
Potions
 h - a potion of curing {unknown}
 i - a potion of agility {unknown}
Comestibles
 g - 3 rations


   Skills:
 + Level 3.6 Fighting
 - Level 3.0 Long Blades
 * Level 1.7 Axes
 + Level 3.0 Dodging
 + Level 1.0 Stealth


You had 2 spell levels left.
You didn't know any spells.

Dungeon Overview and Level Annotations

Branches:
Dungeon (2/15)

Altars:
Cheibriados
Nemelex Xobeh
Xom


Innate Abilities, Weirdness & Mutations

Your plain brown scales are hard. (AC +5)
You cannot fit into any form of body armour.
You are cold-blooded and may be slowed by cold attacks.


Message History

You are too injured to fight recklessly!
You are too injured to fight recklessly!
You are too injured to fight recklessly!
You are too injured to fight recklessly!
You are too injured to fight recklessly!
You closely miss the water moccasin. You tail-slap the water moccasin.
The water moccasin is severely wounded.
The water moccasin bites you.
You are lethally poisoned!
The water moccasin poisons you! The water moccasin bites you.
* * * LOW HITPOINT WARNING * * *
You are more poisoned.
The water moccasin poisons you!
A red film seems to cover your vision as you go berserk!
You feel yourself moving faster!
You feel mighty!
You are feeling very hungry.
* * * LOW HITPOINT WARNING * * *
You feel very sick. The water moccasin bites you.
You die...

.#.##.##..## #..#
...#...#.## #.##
.........# #.# .#.....#.#
#.# (..#..##.####### #.#
#..............# #.#
..#..##........# #.#
......#..#####.########.#
#........# #.S@.......#
#.#...#..# #.##########
..##.##.## # #.......#
##..##..# ..(........
###########


You could see a water moccasin.

Vanquished Creatures
  An ooze (D:1)
  2 bats (D:2)
  2 giant cockroaches (D:1)
  2 hobgoblins (D:1)
  8 jackals
  3 kobolds
  4 frilled lizards
  4 goblins
  3 rats (D:1)
29 creatures vanquished.

Notes
Turn   | Place    | Note
-------+----------+-------------------------------------------
     0 | D:1      | Lentor the Draconian Berserker began the quest for the Orb.
     0 | D:1      | Reached XP level 1. HP: 19/19 MP: 1/1
   162 | D:1      | Reached XP level 2. HP: 26/26 MP: 2/2
   183 | D:1      | Reached skill level 1 in Axes
   445 | D:2      | Reached skill level 1 in Stealth
   449 | D:2      | Found a snail-covered altar of Cheibriados.
   468 | D:2      | Reached XP level 3. HP: 30/31 MP: 3/3
   487 | D:2      | Found a shimmering altar of Xom.
   489 | D:2      | Found a sparkling altar of Nemelex Xobeh.
   536 | D:2      | Reached ** piety under Trog
   683 | D:2      | Noticed a water moccasin
   714 | D:2      | Slain by a water moccasin

Skill      XL: |  1  2  3 |
---------------+----------+-----
Axes           | 1 |  1.7
Stealth        | 1 |  1.0
Dodging        | 3 |  3.0
Fighting       | |  3.6
Long Blades    | |  3.0

Action                   || total
-------------------------++-------
Melee: Hand axe          ||    62
       Tailslap          ||     6
Invok: Berserk           ||     1
  Eat: Ration            ||     1
Armor: Skin              ||    34
Dodge: Dodged            ||    53
